Map: Berceau de mort

Players

AkaTenshi

  • Race: Zerg Zerg
  • Spawn Location: 0:00

eponje

  • Race: Terran Terran

VOD

Have the link to the VOD?

Description

Time

  • Played on: April 10, 2024, 5:35 a.m.
  • Length: 30:06
Show
View Real Time Build Order
Export as new Build Order

AkaTenshi Zerg 

Build Orders:  

Get SALT Encoding   

  6  0:10  Drone x2  
  6  0:11  Unknown  
  6  0:18  Drone x2  
  8  0:26  Extractor  
  7  0:31  Extractor  
  7  0:34  Drone x2  
  8  0:46  Drone x2  
  9  0:58  Drone x2  
  10  1:03  Drone x2  
  11  1:11  Drone x2  
  11  1:18  Drone x2  
  13  1:27  Drone x2  
  14  1:37  Overlord  
  14  1:55  Spawning Pool  
  13  2:08  Evolution Chamber  
  13  2:10  Drone x2  
  14  2:27  Baneling Nest  
  13  2:32  Drone x2  
  14  2:48  Evolution Chamber  
  14  2:49  Lair  
  14  3:11  Overlord  
  14  3:15  Overlord  
  18  3:33  Swarmling x8  
  18  3:36  Overlord  
  18  3:37  Overlord  
  18  4:15  Swarmling x16  
  18  4:16  Swarmling x4  
  28  4:20  Zerg Ground Armor Level 1  
  33  5:45  Overlord  
  33  5:46  Overlord x3  
  32  5:52  Scourge Nest  
  32  5:55  Hive  
  32  5:57  Corrosive Acid  
  35  6:00  Unknown  
  35  6:05  Hardened Carapace  
  33  6:10  Unknown  
  33  6:18  Drone x6  
  33  6:19  Drone x4  
  32  7:05  Adrenal Overload  
  32  7:10  Scourge x3  
  32  7:11  Scourge, Swarmling x12  
  32  7:12  Swarmling x8  
  48  7:40  Scourge x3  
  48  7:41  Scourge  
  36  8:10  Scourge x3  
  36  8:11  Scourge  
  26  8:26  Swarmling x12  
  26  8:27  Swarmling x12  
  43  8:40  Scourge x3  
  43  8:41  Scourge  
  43  8:42  Virulent Spores  
  43  8:49  Rupture  
  44  9:01  Hatchery  
  44  9:03  Extractor x2  
  44  9:08  Unknown  
  35  9:10  Scourge x3  
  35  9:11  Scourge  
  35  9:12  Unknown  
  35  9:18  Swarmling x12  
  35  9:19  Swarmling x4  
  41  9:29  Centrifugal Hooks  
  43  9:40  Scourge x3  
  43  9:41  Scourge  
  43  9:42  Simplified Genome  
  41  9:54  Swarmling x8  
  41  9:55  Swarmling x8  
  31  10:01  Aberration  
  33  10:10  Scourge x3  
  33  10:11  Scourge  
  33  10:17  Swarmling x8  
  42  10:40  Scourge x3  
  42  10:41  Scourge  
  42  10:42  Unknown  
  42  10:43  Aberration x4  
  42  10:44  Aberration  
  51  11:10  Scourge x3  
  51  11:11  Scourge  
  51  11:12  Swarmling x24  
  51  11:18  Drone x2  
  59  11:21  Drone x2  
  52  11:35  Swarmling x4  
  52  11:36  Swarmling x4  
  52  11:40  Scourge x3  
  52  11:41  Scourge  
  52  11:57  Swarmling x12  
  52  11:58  Swarmling x8  
  58  12:10  Scourge x3  
  58  12:11  Scourge  
  58  12:17  Aberration x3  
  49  12:39  Swarmling x20  
  50  12:40  Scourge x3  
  50  12:41  Scourge  
  43  12:59  Overseer  
  41  13:10  Scourge x3  
  41  13:11  Scourge  
  41  13:17  Swarmling x12  
  41  13:18  Swarmling x16  
  59  13:40  Scourge x3  
  59  13:41  Scourge, Zerg Flyer Weapons Level 1  
  59  13:47  Shredding Claws  
  59  13:52  Protective Cover  
  59  13:59  Unknown  
  65  14:06  Aberration  
  68  14:10  Scourge x3  
  68  14:11  Scourge  
  68  14:12  Drone x4  
  68  14:17  Drone x2  
  77  14:40  Scourge x3  
  77  14:41  Scourge  
  57  15:02  Swarmling x16  
  57  15:03  Swarmling x24  
  57  15:04  Unknown, Swarmling x8  
  80  15:10  Scourge x3  
  80  15:11  Scourge  
  80  15:17  Metabolic Boost  
  80  15:22  Zerg Ground Armor Level 2  
  83  15:40  Scourge x3  
  83  15:41  Scourge  
  83  16:10  Scourge x3  
  83  16:11  Scourge  
  83  16:20  Overlord x3  
  83  16:21  Overlord x5, Zerg Flyer Armor Level 1  
  83  16:22  Overlord x4  
  44  16:40  Scourge x3  
  44  16:41  Scourge  
  40  16:55  Swarmling x16  
  40  16:56  Swarmling x8  
  50  17:08  Unknown  
  40  17:10  Scourge x3  
  40  17:11  Scourge  
  43  17:32  Aberration x3  
  43  17:33  Unknown, Aberration x3  
  43  17:36  Drone x2  
  62  17:40  Scourge x3  
  62  17:41  Scourge  
  60  18:07  Aberration  
  60  18:08  Aberration x2  
  60  18:09  Swarmling x8  
  57  18:10  Scourge x3  
  57  18:11  Scourge  
  59  18:39  Swarmling x12  
  65  18:40  Scourge x3, Swarmling x20  
  65  18:41  Scourge  
  66  18:50  Swarmling x8  
  66  18:56  Unknown  
  67  19:01  Zerg Flyer Weapons Level 2  
  50  19:10  Scourge x3  
  50  19:11  Scourge  
  34  19:33  Aberration x4  
  34  19:34  Swarmling x4  
  34  19:35  Swarmling x4  
  45  19:40  Scourge x3  
  45  19:41  Scourge  
  47  19:59  Swarmling x12  
  59  20:00  Swarmling x12  
  59  20:02  Drone x2  
  61  20:10  Scourge x3  
  61  20:11  Scourge  
  44  20:40  Scourge x3  
  44  20:41  Scourge  
  35  20:51  Aberration x2  
  35  20:52  Aberration x2  
  35  20:54  Swarmling x12  
  35  20:55  Swarmling x4  
  54  21:10  Scourge x3  
  54  21:11  Scourge  
  48  21:31  Swarmling x16  
  48  21:32  Swarmling x20  
  51  21:40  Scourge x3  
  51  21:41  Scourge  
  42  21:54  Unknown  
  40  22:10  Scourge x3, Overseer  
  40  22:11  Scourge  
  40  22:12  Overlord  
  40  22:13  Overlord x3  
  40  22:15  Overlord x3  
  43  22:30  Aberration  
  43  22:34  Overlord  
  43  22:37  Swarmling x4  
  43  22:38  Swarmling x4  
  50  22:40  Scourge x3, Drone x2  
  50  22:41  Scourge  
  50  22:48  Drone x2  
  56  22:53  Drone x2  
  59  23:10  Scourge x3  
  59  23:11  Scourge  
  63  23:33  Drone x4  
  63  23:34  Drone x2  
  63  23:35  Drone x2  
  63  23:39  Extractor  
  66  23:40  Scourge x3  
  66  23:41  Scourge  
  70  23:55  Aberration  
  70  23:56  Aberration x3  
  70  23:59  Swarmling x8  
  59  24:10  Scourge x3  
  59  24:11  Scourge  
  59  24:15  Swarmling x8  
  59  24:16  Swarmling x16  
  56  24:39  Aberration  
  149  24:40  Scourge x3, Aberration x2  
  55  24:41  Scourge  
  55  24:42  Swarmling x4  
  60  25:10  Scourge x3  
  60  25:11  Scourge, Swarmling x16  
  60  25:12  Swarmling x12  
  50  25:40  Swarmling x20  
  50  25:41  Swarmling x4  
  50  25:45  Unknown  
  55  26:17  Swarmling x4  
  55  26:18  Swarmling x24  
  48  26:34  Aberration x3  
  57  26:41  Swarmling x4  
  63  26:58  Swarmling x16  
  66  27:32  Aberration x3  
  66  27:33  Aberration x3  
  87  27:50  Swarmling x16  
  82  28:06  Swarmling x12  
  78  28:27  Swarmling x12  
  78  28:28  Swarmling x4  
  81  28:39  Hatchery  
  76  28:41  Hatchery  
  76  28:48  Hatchery  
  78  28:59  Swarmling x12  
  82  29:00  Swarmling x12  
Show
View Real Time Build Order
Export as new Build Order

eponje Terran 

Build Orders:  

Get SALT Encoding   

  12  0:03  SCV  
  13  0:13  Unknown  
  13  0:20  SCV  
  14  0:37  SCV  
  15  0:41  Refinery  
  15  0:45  Refinery  
  15  0:53  SCV  
  16  1:10  SCV  
  16  1:11  Engineering Bay  
  17  1:27  SCV  
  18  1:44  SCV  
  18  1:46  Flashforce GDM Visor  
  18  1:48  Engineering Bay  
  19  2:01  SCV  
  20  2:18  SCV  
  21  2:26  Gunslingers Hideout  
  21  2:35  SCV  
  22  2:52  SCV  
  22  2:59  Muscle Armory  
  23  3:01  Tychus  
  23  3:09  SCV  
  24  3:26  SCV  
  25  3:32  Fixers Safehouse  
  25  3:43  SCV  
  26  4:00  SCV  
  27  4:16  Lt Layna Nikara  
  27  4:17  SCV  
  38  5:43  Command Center  
  38  6:08  Unknown, SCV  
  39  6:14  Command Center  
  39  6:25  SCV  
  39  6:42  SCV  
  40  6:59  SCV  
  41  7:02  Kev Rattlesnake West  
  51  7:15  ITC-E Triggers  
  51  7:16  SCV  
  52  7:24  Endurance Supplements  
  52  7:33  SCV  
  53  7:40  Refinery  
  53  7:50  SCV  
  53  7:51  Refinery  
  54  8:07  SCV  
  55  8:19  Medivac Platform  
  55  8:24  SCV  
  56  8:45  Outlaw Life and Armor Level 1  
  56  8:54  Outlaw Weapons Level 1  
  36  9:08  Unknown  
  36  9:11  SCV x2  
  38  9:25  Medivac Platform  
  34  10:31  SCV  
  35  10:47  SCV  
  46  11:01  Medivac Platform  
  46  11:04  SCV  
  57  11:12  SCV  
  58  11:21  SCV  
  58  11:29  SCV  
  60  11:38  SCV  
  60  11:39  Kel-Morian Ripper Rounds  
  61  11:46  SCV  
  62  11:55  SCV  
  63  12:03  SCV  
  64  12:12  SCV  
  64  12:19  Secret Stash Stimpack  
  65  12:20  SCV  
  66  13:31  Outlaw Weapons Level 2, Outlaw Life and Armor Level 2  
  66  13:38  Rob Cannonball Boswell  
  76  13:46  SCV  
  76  13:47  SCV  
  78  14:02  Unknown  
  78  14:03  SCV  
  78  14:04  SCV  
  80  14:21  Procyon Serum, SCV  
  81  14:54  Redline Power Cells  
  81  15:29  Procyon Twin Heal Beam Gauntlet  
  81  15:55  Outlaw Weapons Level 3, Outlaw Life and Armor Level 3  
  81  16:07  Unknown  
  69  17:14  Gunslingers Hideout  
  69  17:20  Muscle Armory  
  67  17:43  SCV  
  68  17:50  SCV  
  69  18:00  SCV  
  69  18:07  SCV  
  69  18:09  Umojan Repair Nanites  
  71  18:17  SCV  
  72  18:24  SCV  
  73  18:34  SCV  
  74  18:41  SCV  
  74  18:45  Crooked Sam  
  74  18:51  SCV  
  74  18:57  SCV  
  82  19:08  SCV  
  83  19:14  SCV  
  84  19:25  SCV  
  85  19:31  SCV  
  86  19:42  LarsCorp G7 Charges, SCV  
  86  19:48  SCV  
  88  19:56  Fixers Safehouse  
  88  19:59  SCV  
  89  20:22  SCV  
  90  20:31  Medivac Platform  
  90  20:39  SCV  
  91  20:56  SCV  
  92  21:13  SCV  
  92  21:14  Outlaw Life and Armor Level 4, Outlaw Weapons Level 4  
  93  21:30  SCV  
  94  21:51  Unknown  
  94  21:58  Vanadium Shell, KD9a Implosion Core  
  94  22:32  SCV  
  95  22:49  SCV  
  96  23:10  Moebius Restraint Matrix  
  96  23:39  SureShot Networked Helmet  
  96  24:29  Unknown  
  96  24:49  Outlaw Weapons Level 5, Outlaw Life and Armor Level 5  
  96  25:23  Umojan Signal Modulator, Moebius Aggression Blend  
  95  26:23  Hammer Munitions  
  95  27:12  XM-77 Matrix Generator  
  95  28:06  X-71 Impact Boots  
Tags
 
Add a new tag
Caveats
  • Supply blocks, unpowered buildings, or Contaminate may cause inaccurate times.
  • Supply counts are checked every 10 seconds.